 Dungeon Crawl Stone Soup version 0.30.0-19-g36f170ea60 (webtiles) character file.

Game seed: 3922933512799793101

39 Irreverend the Trooper (level 3, -2/43 HPs)
             Began as a Demonspawn Berserker on May 29, 2023.
             Was a Believer of Trog.
             Slain by a worm (6 damage)
             ... on level 2 of the Dungeon.
             The game lasted 00:01:26 (954 turns).

Irreverend the Trooper (Demonspawn Berserker)        Turns: 954, Time: 00:01:27

Health: -2/43      AC:  6    Str: 19    XL:     3   Next: 28%
Magic:  3/3        EV: 10    Int:  8    God:    Trog [**....]
Gold:   49         SH:  0    Dex: 12    Spells: 2/2 levels left

rFire   . . .        a - +0 mace
rCold   . . .        (no shield)
rNeg    . . .        h - +0 scale mail
rPois   .            (helmet restricted)
rElec   .            (no cloak)
rCorr   .            (no gloves)
SInv    .            (no boots)
Will    ++...        (no amulet) Stlth
                     c - ring of flight
HPRegen 1.27/turn    (no ring)
MPRegen 0.08/turn

%: no passive effects
@: berserking, lethally poisoned (-2 -> -10), strong-willed, flying,
regenerating, very quick
A: antennae 1
a: Renounce Religion, Berserk, Trog's Hand


You were on level 2 of the Dungeon.
You worshipped Trog.
Trog was pleased with you.
You visited 1 branch of the dungeon, and saw 2 of its levels.

You collected 49 gold pieces.

Inventory:

Hand Weapons
 a - a +0 mace (weapon)
Armour
 b - a +0 animal skin
 h - a +0 scale mail (worn)
Jewellery
 c - a ring of flight (left hand)
Scrolls
 d - a scroll of teleportation {unknown}
Potions
 e - a potion of flight {unknown}
 f - a potion of attraction {unknown}
 g - a potion of degeneration {unknown}


   Skills:
 + Level 3.3 Fighting
 * Level 3.2 Maces & Flails
 + Level 2.1 Armour
 + Level 2.2 Dodging


You had 2 spell levels left.
You didn't know any spells.
Your spell library was empty.

Dungeon Overview and Level Annotations

Branches:
Dungeon (2/15)

Altars:


Innate Abilities, Weirdness & Mutations

You have a pair of small antennae on your head.


Message History

You fly downwards.
The goblin shouts!
The adder hisses angrily.
There is a stone staircase leading up here.
There are monsters nearby!
The adder bites you.
You hit the adder.
The adder is lightly wounded.
The adder misses you. The adder bites you.
You hit the adder.
The adder is heavily wounded.
The adder completely misses you. The worm bites you.
You closely miss the adder.
The adder is heavily wounded.
The adder bites you but does no damage. The adder bites you.
You are poisoned.
The adder poisons you! The worm bites you but does no damage.
You thump the adder!
You kill the adder!
Trog accepts your kill.
You feel sick. The worm bites you.
You hit the worm but do no damage.
You feel sick. The goblin hits you but does no damage.
You are more poisoned.
The goblin hits you with a +0 dagger of venom.
You are more poisoned.
Your skin crawls.
You feel strong-willed.
* * * LOW HITPOINT WARNING * * *
You feel very sick. The worm closely misses you.
The goblin hits you with a +0 dagger of venom.
* * * LOW HITPOINT WARNING * * *
A red film seems to cover your vision as you go berserk!
You feel yourself moving faster!
You feel mighty!
* * * LOW HITPOINT WARNING * * *
You feel very sick.
The goblin hits you with a +0 dagger of venom.
* * * LOW HITPOINT WARNING * * *
The worm bites you.
You die...

#.....#
#.....#
#.....#
#.....#
#.....######
###..........#
........<#
##....g.#.###.
#...w@.......
#....†.#.....
#......#...##
#......# ....
######.# ####
#.# .# .#


You could see a worm and a goblin.

Vanquished Creatures
  An adder (D:2)
  An endoplasm (D:1)
  4 hobgoblins (D:1)
  2 quokkas (D:1)
  9 ball pythons (D:1)
  A bat (D:1)
  A frilled lizard (D:1)
  3 goblins (D:1)
  3 kobolds (D:1)
  4 rats (D:1)
29 creatures vanquished.

Notes
Turn   | Place    | Note
-------+----------+-------------------------------------------
     0 | D:1      | Irreverend the Demonspawn Berserker began the quest for the
                  | Orb.
     0 | D:1      | Reached XP level 1. HP: 18/18 MP: 1/1
   364 | D:1      | Gained mutation: You have a pair of small antennae on your
                  | head. [demonic ancestry]
   364 | D:1      | Reached XP level 2. HP: 20/24 MP: 2/2
   665 | D:1      | Reached ** piety under Trog
   666 | D:1      | Reached XP level 3. HP: 23/29 MP: 3/3
   954 | D:2      | Slain by a worm

Illustrated notes

Levels and vault maps discovered:
D:1:      minmay_arrival_four_loops, layout_loops_ring,
          chequers_serial_rivers_micro_d, grunt_decor_resistance
D:2:      layout_basic, bh_walls_and_bars, uniq_jessica, uniq_terence

Skill      XL: |  1  2 |
---------------+-------+-----
Armour         | 2 |  2.1
Dodging        | 2 |  2.2
Maces & Flails | 3 |  3.2
Fighting       | |  3.3

Action                     || total
---------------------------++-------
  Melee: Mace              ||    77
 Invoke: Berserk           ||     2
         Trog's Hand       ||     1
 Armour: Animal skin       ||    10
         Scale mail        ||     3
  Dodge: Dodged            ||    70
